[ AOE2 MATCH · #504940115 ]
UnrankedSlavs vs Franks
Player's team · LOSS
Rival team · WIN
[ REPLAY ANALYSIS · EXTRACTED FROM THE RECORDED GAME ]
Feudal
14:40
Castle
19:30
Imperial
39:18
| APM avg | 31.4 |
| APM peak | 64 |
| eAPM avg | 11.0 |
| Villagers / military | 89 / 63 |
Focus
⚔️ 32.6% · 🌾 67.4%
Cavalry Archer ×27 · Knight ×26 · Militia ×4 · Scout Cavalry ×4 · Monk ×2
Feudal
11:13
Castle
24:31
Imperial
—
| APM avg | 35.9 |
| APM peak | 63 |
| eAPM avg | 21.1 |
| Villagers / military | 113 / 107 |
Focus
⚔️ 27.5% · 🌾 72.5%
Knight ×63 · Spearman ×26 · Archer ×11 · Scout Cavalry ×6 · Militia ×1
Match map
Initial resources + every placement click. Lines = walls · curves = elevation contours. ◆ gold · ⬟ stone · ● berries · ✦ relic · ◌ wall gap
Your base· Open — 4t gap
mid range J1137's base· Open — unwalled flank
Smoothed initial terrain · ◌ = detected wall gap · hover for details
Inputs per minute
— wookiee - - mid range J1137
Build order — wookiee
First 150 of 233 actions detected
| 0:02 | Build | House |
| 0:03 | Build | House |
| 0:04 | Queue | Villager (Male) |
| 0:04 | Queue | Villager (Male) |
| 0:04 | Queue | Villager (Male) |
| 0:04 | Queue | Villager (Male) |
| 1:27 | Queue | Villager (Male) |
| 1:54 | Build | House |
| 2:09 | Queue | Villager (Male) |
| 2:09 | Queue | Villager (Male) |
| 2:37 | Queue | Villager (Male) |
| 2:37 | Queue | Villager (Male) |
| 2:55 | Queue | Villager (Male) |
| 3:28 | Queue | Villager (Male) |
| 3:42 | Queue | Villager (Male) |
| 4:10 | Queue | Villager (Male) |
| 4:35 | Queue | Villager (Male) |
| 4:42 | Build | Barracks |
| 4:56 | Queue | Villager (Male) |
| 5:22 | Queue | Villager (Male) |
| 5:37 | Queue | Militia |
| 5:54 | Queue | Villager (Male) |
| 6:06 | Queue | Militia |
| 6:08 | Queue | Militia |
| 6:09 | Queue | Militia |
| 6:18 | Queue | Villager (Male) |
| 6:50 | Queue | Villager (Male) |
| 6:59 | Build | Lumber Camp |
| 7:08 | Queue | Villager (Male) |
| 7:21 | Build | House |
| 8:02 | Queue | Villager (Male) |
| 8:29 | Queue | Villager (Male) |
| 8:30 | Queue | Villager (Male) |
| 8:34 | Build | Mill |
| 9:22 | Queue | Villager (Male) |
| 9:43 | Queue | Villager (Male) |
| 9:48 | Build | Mining Camp |
| 10:15 | Queue | Villager (Male) |
| 10:15 | Queue | Villager (Male) |
| 10:30 | Build | House |
| 10:38 | Build | Farm |
| 10:39 | Build | Farm |
| 10:39 | Build | Farm |
| 10:41 | Build | Farm |
| 11:13 | Queue | Villager (Male) |
| 11:17 | Build | Farm |
| 11:20 | Build | Farm |
| 11:22 | Queue | Villager (Male) |
| 11:25 | Build | House |
| 12:03 | Queue | Villager (Male) |
| 12:14 | Build | Farm |
| 12:16 | Build | House |
| 12:21 | Research | Feudal Age |
| 13:01 | Build | House |
| 13:25 | Build | Farm |
| 13:30 | Build | Farm |
| 13:37 | Build | Farm |
| 13:41 | Build | Farm |
| 13:46 | Build | Farm |
| 14:02 | Build | Farm |
| 14:40 | Age | Feudal Age |
| 14:47 | Queue | Villager (Male) |
| 14:48 | Queue | Villager (Male) |
| 14:54 | Build | Farm |
| 14:54 | Build | Farm |
| 14:54 | Build | Farm |
| 15:07 | Build | Stable |
| 15:51 | Queue | Villager (Male) |
| 15:58 | Research | Loom |
| 16:07 | Build | Blacksmith |
| 16:36 | Build | House |
| 16:47 | Build | House |
| 16:50 | Research | Castle Age |
| 16:53 | Build | House |
| 17:03 | Build | Stable |
| 17:11 | Research | Forging |
| 17:22 | Research | Double-Bit Axe |
| 17:26 | Research | Horse Collar |
| 17:31 | Research | Gold Mining |
| 17:36 | Research | Bloodlines |
| 17:56 | Build | Lumber Camp |
| 18:12 | Build | House |
| 18:16 | Build | House |
| 18:18 | Build | House |
| 18:19 | Build | House |
| 18:32 | Build | House |
| 18:44 | Research | Scale Barding Armor |
| 19:09 | Build | Farm |
| 19:30 | Age | Castle Age |
| 19:32 | Queue | Knight |
| 19:32 | Queue | Knight |
| 19:52 | Build | Farm |
| 20:00 | Build | House |
| 20:08 | Build | House |
| 20:28 | Queue | Scout Cavalry |
| 20:28 | Queue | Scout Cavalry |
| 20:59 | Queue | Knight |
| 20:59 | Queue | Knight |
| 21:38 | Queue | Villager (Male) |
| 21:39 | Queue | Villager (Male) |
| 21:39 | Queue | Villager (Male) |
| 21:55 | Build | Farm |
| 21:56 | Build | Farm |
| 22:15 | Queue | Knight |
| 22:15 | Queue | Knight |
| 22:29 | Queue | Villager (Male) |
| 22:38 | Queue | Knight |
| 22:42 | Build | Farm |
| 23:05 | Queue | Knight |
| 23:09 | Build | Farm |
| 23:13 | Queue | Villager (Male) |
| 23:28 | Queue | Villager (Male) |
| 23:36 | Build | Farm |
| 24:17 | Queue | Villager (Male) |
| 24:21 | Queue | Knight |
| 24:21 | Queue | Knight |
| 24:36 | Build | Farm |
| 24:55 | Queue | Knight |
| 24:56 | Queue | Knight |
| 24:58 | Queue | Villager (Male) |
| 25:30 | Queue | Knight |
| 25:33 | Queue | Villager (Male) |
| 25:41 | Queue | Villager (Male) |
| 26:03 | Research | Chain Barding Armor |
| 26:23 | Queue | Villager (Male) |
| 26:23 | Queue | Villager (Male) |
| 26:27 | Queue | Knight |
| 27:00 | Queue | Villager (Male) |
| 27:16 | Research | Fletching |
| 27:20 | Queue | Villager (Male) |
| 27:53 | Build | Archery Range |
| 27:55 | Build | Archery Range |
| 27:59 | Queue | Villager (Male) |
| 28:25 | Research | Husbandry |
| 28:31 | Queue | Cavalry Archer |
| 28:32 | Queue | Cavalry Archer |
| 28:37 | Research | Bodkin Arrow |
| 28:39 | Queue | Villager (Male) |
| 28:39 | Queue | Villager (Male) |
| 29:11 | Queue | Cavalry Archer |
| 29:11 | Queue | Cavalry Archer |
| 29:14 | Build | Mining Camp |
| 29:15 | Queue | Villager (Male) |
| 29:52 | Queue | Cavalry Archer |
| 29:52 | Queue | Cavalry Archer |
| 29:54 | Queue | Villager (Male) |
| 30:11 | Build | Farm |
| 30:13 | Queue | Villager (Male) |
| 30:26 | Queue | Cavalry Archer |
| 30:28 | Queue | Villager (Male) |
Build order — mid range J1137
First 150 of 343 actions detected
| 0:02 | Queue | Villager (Male) |
| 0:02 | Queue | Villager (Male) |
| 0:03 | Queue | Villager (Male) |
| 0:03 | Queue | Villager (Male) |
| 0:04 | Build | House |
| 0:05 | Build | House |
| 1:45 | Queue | Villager (Male) |
| 2:01 | Queue | Villager (Male) |
| 2:15 | Queue | Villager (Male) |
| 2:32 | Build | Lumber Camp |
| 3:02 | Queue | Villager (Male) |
| 3:02 | Queue | Villager (Male) |
| 3:02 | Queue | Villager (Male) |
| 3:47 | Queue | Villager (Male) |
| 3:47 | Queue | Villager (Male) |
| 4:18 | Build | Mill |
| 4:43 | Queue | Villager (Male) |
| 4:44 | Queue | Villager (Male) |
| 4:44 | Queue | Villager (Male) |
| 4:45 | Queue | Villager (Male) |
| 4:47 | Build | House |
| 4:52 | Research | Loom |
| 4:52 | Research | Loom |
| 4:55 | Queue | Villager (Male) |
| 5:17 | Queue | Villager (Male) |
| 5:22 | Build | House |
| 5:23 | Build | House |
| 5:28 | Queue | Villager (Male) |
| 5:28 | Queue | Villager (Male) |
| 5:57 | Queue | Villager (Male) |
| 6:03 | Queue | Villager (Male) |
| 6:03 | Queue | Villager (Male) |
| 6:34 | Queue | Villager (Male) |
| 7:38 | Build | Farm |
| 7:43 | Queue | Villager (Male) |
| 7:56 | Queue | Villager (Male) |
| 8:10 | Queue | Villager (Male) |
| 8:22 | Build | Farm |
| 8:37 | Build | Barracks |
| 8:39 | Build | House |
| 8:49 | Research | Feudal Age |
| 9:49 | Build | Farm |
| 10:46 | Build | Mining Camp |
| 11:13 | Age | Feudal Age |
| 11:14 | Build | Farm |
| 11:15 | Queue | Villager (Male) |
| 11:16 | Queue | Villager (Male) |
| 11:21 | Build | Archery Range |
| 11:26 | Queue | Villager (Male) |
| 11:41 | Research | Double-Bit Axe |
| 11:42 | Research | Double-Bit Axe |
| 11:48 | Queue | Villager (Male) |
| 11:50 | Build | Farm |
| 12:00 | Queue | Villager (Male) |
| 12:06 | Queue | Villager (Male) |
| 12:08 | Build | Farm |
| 12:25 | Queue | Archer |
| 12:25 | Queue | Archer |
| 12:53 | Queue | Villager (Male) |
| 12:56 | Build | Farm |
| 13:01 | Queue | Villager (Male) |
| 13:13 | Queue | Villager (Male) |
| 13:17 | Build | Farm |
| 13:29 | Build | Stable |
| 13:31 | Queue | Villager (Male) |
| 13:39 | Queue | Archer |
| 14:00 | Queue | Villager (Male) |
| 14:00 | Queue | Villager (Male) |
| 14:21 | Build | Blacksmith |
| 14:56 | Build | Farm |
| 15:05 | Queue | Archer |
| 15:06 | Queue | Archer |
| 15:12 | Research | Fletching |
| 15:14 | Queue | Villager (Male) |
| 15:32 | Build | House |
| 15:33 | Build | House |
| 15:55 | Build | Lumber Camp |
| 16:05 | Research | Wheelbarrow |
| 16:13 | Queue | Scout Cavalry |
| 16:14 | Queue | Scout Cavalry |
| 16:18 | Queue | Archer |
| 16:19 | Queue | Archer |
| 16:19 | Queue | Archer |
| 16:21 | Queue | Scout Cavalry |
| 16:22 | Queue | Villager (Male) |
| 16:23 | Queue | Villager (Male) |
| 16:23 | Queue | Villager (Male) |
| 16:23 | Queue | Villager (Male) |
| 16:37 | Queue | Villager (Male) |
| 16:46 | Queue | Scout Cavalry |
| 16:54 | Queue | Archer |
| 17:07 | Build | Farm |
| 17:11 | Build | Farm |
| 17:31 | Queue | Villager (Male) |
| 17:49 | Build | Farm |
| 17:52 | Build | Farm |
| 18:02 | Build | House |
| 18:03 | Build | House |
| 18:05 | Build | House |
| 18:10 | Research | Town Watch |
| 18:16 | Research | Scale Barding Armor |
| 18:17 | Research | Padded Archer Armor |
| 18:21 | Queue | Scout Cavalry |
| 18:22 | Queue | Scout Cavalry |
| 18:46 | Queue | Villager (Male) |
| 18:46 | Queue | Villager (Male) |
| 18:46 | Queue | Villager (Male) |
| 18:47 | Queue | Villager (Male) |
| 21:18 | Queue | Villager (Male) |
| 21:19 | Queue | Villager (Male) |
| 21:23 | Build | Market |
| 21:51 | Research | Castle Age |
| 21:56 | Build | Barracks |
| 22:00 | Queue | Spearman |
| 22:00 | Queue | Spearman |
| 22:02 | Queue | Spearman |
| 22:13 | Queue | Villager (Male) |
| 22:22 | Queue | Spearman |
| 22:23 | Queue | Spearman |
| 22:40 | Queue | Archer |
| 22:52 | Queue | Archer |
| 22:54 | Research | Scale Mail Armor |
| 23:00 | Queue | Spearman |
| 23:01 | Queue | Spearman |
| 23:01 | Queue | Spearman |
| 23:09 | Build | Farm |
| 23:16 | Build | Farm |
| 23:20 | Build | Farm |
| 23:21 | Build | Farm |
| 23:50 | Queue | Spearman |
| 23:50 | Queue | Spearman |
| 23:50 | Queue | Spearman |
| 23:51 | Queue | Spearman |
| 23:51 | Queue | Spearman |
| 23:51 | Queue | Spearman |
| 24:20 | Queue | Villager (Male) |
| 24:21 | Queue | Villager (Male) |
| 24:31 | Age | Castle Age |
| 24:44 | Queue | Villager (Male) |
| 24:58 | Queue | Militia |
| 24:59 | Queue | Spearman |
| 24:59 | Queue | Spearman |
| 25:12 | Build | Town Center |
| 25:21 | Queue | Villager (Male) |
| 25:25 | Build | Farm |
| 25:33 | Build | Farm |
| 25:34 | Build | Farm |
| 25:38 | Build | Farm |
| 25:43 | Research | Pikeman (upgrade) |
| 25:55 | Queue | Knight |
Match timeline
| 4:42 | wookiee · first_building Barracks |
| 8:37 | mid range J1137 · first_building Barracks |
| 11:13 | mid range J1137 · age_up feudal |
| 11:21 | mid range J1137 · first_building Archery Range |
| 13:29 | mid range J1137 · first_building Stable |
| 14:40 | wookiee · age_up feudal |
| 15:07 | wookiee · first_building Stable |
| 19:30 | wookiee · age_up castle |
| 24:31 | mid range J1137 · age_up castle |
| 27:28 | mid range J1137 · wall_segment Stone Wall x13 |
| 27:53 | wookiee · first_building Archery Range |
| 32:29 | wookiee · first_market_sell 100 food |
| 35:14 | wookiee · first_building Monastery |
| 39:04 | mid range J1137 · first_market_sell 100 wood |
| 39:18 | wookiee · age_up imperial |
| 41:40 | wookiee · first_building Castle |
| 45:31 | wookiee · resign |
[ AI ANALYSIS · 1 CREDIT ]
What really happened in this match?
Wolo.gg analyzes every decision: build order, eco, micro, common mistakes by bracket. Personalized analysis on WhatsApp or Discord in 30 seconds.
Civ guide
Slavs
Perfil
Jugador #9756807